 Dungeon Crawl Stone Soup version 0.18.1-6-gd335043 (webtiles) character file.

87 FitzyFitz the Shooter (level 4, 0/36 HPs)
             Began as a Demigod Hunter on May 18, 2016.
             Slain by a gnoll
             ... wielding a +0 club
              (2 damage)
             ... on level 2 of the Dungeon.
             The game lasted 00:03:40 (1214 turns).

FitzyFitz the Shooter (Demigod Hunter)              Turns: 1214, Time: 00:03:41

Health: 0/36       AC:  4    Str: 15    XL:     4   Next: 7%
Magic:  6/6        EV: 12    Int: 17    God:
Gold:   28         SH:  0    Dex: 18    Spells: 0 memorised, 3 levels left

rFire  . . .     SeeInvis .     a - +1 shortbow
rCold  . . .     Gourm    .     c - +0 leather armour
rNeg   . . .     Faith    .     (shield currently unavailable)
rPois  +         Spirit   .     e - +0 helmet
rElec  .         Dismiss  .     (no cloak)
rCorr  .         Reflect  .     (no gloves)
SustAt +         Harm     .     (no boots)
MR     .....                    (no amulet)
Stlth  ++........               (no ring)
                                (no ring)

@: not resistant to hostile enchantments, unstealthy
A: clever 1, high mp 1, poison resistance, sustain attributes, MP-powered wands
a: no special abilities


You were on level 2 of the Dungeon.
You were not hungry.

You visited 1 branch of the dungeon, and saw 2 of its levels.

You collected 28 gold pieces.

Inventory:

Hand Weapons
 a - a +1 shortbow (weapon)
 b - a +0 short sword
Missiles
 d - 17 arrows (quivered)
Armour
 c - a +0 leather armour (worn)
 e - a +0 helmet (worn)
Scrolls
 h - a scroll of teleportation {unknown}
 k - a scroll of identify {unknown}
 l - a scroll of enchant armour {unknown}
 n - a scroll of random uselessness {unknown}
Potions
 m - a potion of agility {unknown}
Comestibles
 f - 2 bread rations
 g - 10 chunks of flesh
 j - a beef jerky


   Skills:
 - Level 1.7 Fighting
 + Level 5.3 Bows
 - Level 1.7 Dodging
 - Level 0.8 Stealth


You had 3 spell levels left.
You didn't know any spells.

Dungeon Overview and Level Annotations

Branches:
Dungeon (2/15)


Innate Abilities, Weirdness & Mutations

You have an increased reservoir of magic (+10% MP).
Your attributes are resistant to harm.
Your mind is acute. (Int +2)
Your system is resistant to poisons.
You expend magic power (3 MP) to strengthen your wands.


Message History

* * * LOW HITPOINT WARNING * * *
Firing (i - inventory):
d - 20 arrows (quivered)
Press: ? - help, Shift-Dir - straight line, f/p - gnoll
Aim: a gnoll, wielding a club and wearing a steel ring (heavily wounded)
You shoot an arrow. The arrow hits the gnoll!
The gnoll is almost dead.
The gnoll closely misses you.
Firing (i - inventory):
d - 19 arrows (quivered)
Press: ? - help, Shift-Dir - straight line, f/p - gnoll
Aim: a gnoll, wielding a club and wearing a steel ring (almost dead)
You shoot an arrow. The arrow barely misses the gnoll.
The gnoll hits you with a club!
* * * LOW HITPOINT WARNING * * *
Firing (i - inventory):
d - 18 arrows (quivered)
Press: ? - help, Shift-Dir - straight line, f/p - gnoll
Aim: a gnoll, wielding a club and wearing a steel ring (almost dead)
You shoot an arrow. The arrow hits the gnoll.
The gnoll is almost dead.
The gnoll hits you with a club.
You die...

## ≈≈ #§ ####
#§ #.. #≈ #.#
#§#####.#
+...@g.(#
#≈####..###
#≈####....#..
#≈#.....(.....
#≈#.#.###(###..
≈≈# #.# (# ##
#.# .# .#. #..
#.# # #..# #.#
#.#


You could see a gnoll.

Vanquished Creatures
  Ijyb (D:2)
  2 gnolls (D:2)
  An adder (D:2)
  An ooze (D:1)
  A dart slug (D:1)
  3 giant cockroaches
  2 goblins (D:1)
  A hobgoblin (D:1)
  4 jackals (D:2)
  A quokka (D:2)
  3 ball pythons
  5 bats
  2 kobolds
  2 rats (D:1)
29 creatures vanquished.

Notes
Turn   | Place    | Note
--------------------------------------------------------------
     0 | D:1      | FitzyFitz the Demigod Hunter began the quest for the Orb.
     0 | D:1      | Reached XP level 1. HP: 17/17 MP: 3/3
   219 | D:1      | Reached skill level 4 in Bows
   248 | D:1      | Reached XP level 2. HP: 23/24 MP: 4/4
   617 | D:2      | Found a glowing golden altar of the Shining One.
   649 | D:2      | Found a shadowy altar of Dithmenos.
   651 | D:2      | Found an oddly glowing altar of Pakellas.
   670 | D:2      | Reached XP level 3. HP: 9/29 MP: 5/5
  1073 | D:2      | Noticed Ijyb
  1087 | D:2      | Killed Ijyb
  1087 | D:2      | Reached skill level 5 in Bows
  1165 | D:2      | Gained mutation: Your mind is acute. (Int +2) [potion of mutation]
  1165 | D:2      | Gained mutation: Your system is resistant to poisons. [potion of mutation]
  1165 | D:2      | Gained mutation: You expend magic power (3 MP) to strengthen your wands. [potion of mutation]
  1181 | D:2      | Reached XP level 4. HP: 18/36 MP: 6/6
  1214 | D:2      | Slain by a gnoll

Skill      XL: |  1  2  3 |
---------------+----------+-----
Bows           | 4 5 |  5.3
Fighting       | |  1.7
Dodging        | |  1.7
Stealth        | |  0.8

Action                   |  1- 3 |  4- 6 || total
-------------------------+-------+-------++-------
Melee: Short sword       |    82 |     3 ||    85
 Fire: Shortbow          |    31 |     5 ||    36
  Use: Potion            |     1 |       ||     1
  Eat: Chunk             |     1 |       ||     1
Armor: Leather armour    |    45 |     1 ||    46
Dodge: Dodged            |   101 |     2 ||   103
